 Dungeon Crawl Stone Soup version 0.23-a0-677-g07611c5 (webtiles) character file.

2561 gruber the Magician (level 9, -9/70 HPs)
             Began as a Gnoll Skald on Jan 9, 2019.
             Mangled by a death yak (23 damage)
             ... on level 8 of the Dungeon.
             The game lasted 00:10:26 (5462 turns).

gruber the Magician (Gnoll Skald)                   Turns: 5462, Time: 00:10:28

Health: -9/70      AC:  3    Str: 13    XL:     9   Next: 56%
Magic:  8/19       EV: 16    Int: 18    God:
Gold:   376        SH:  5    Dex: 16    Spells: 12/21 levels left

rFire    . . .     SeeInvis .   a - +5 rapier (speed)
rCold    . . .     Gourm    .   q - +0 buckler
rNeg     . . .     Faith    .   b - +0 leather armour
rPois    .         Spirit   .   (no helmet)
rElec    .         Reflect  .   (no cloak)
rCorr    .         Harm     .   (no gloves)
MR       .....                  (no boots)
Stlth    +++++.....             h - amulet of regeneration
HPRegen  0.61/turn              m - ring of stealth
MPRegen  0.16/turn              r - ring of stealth

@: no status effects
A: distributed training, fangs 1, strong nose
a: no special abilities


You were on level 8 of the Dungeon.
You were hungry.

You visited 2 branches of the dungeon, and saw 9 of its levels.

You collected 376 gold pieces.

Inventory:

Hand Weapons
 a - a +5 rapier of speed (weapon)
 s - a +4 mace
 u - a +0 trident
Armour
 b - a +0 leather armour (worn)
 q - a +0 buckler (worn)
Jewellery
 h - an amulet of regeneration (around neck)
 m - a ring of stealth (left hand)
 r - a ring of stealth (right hand)
 v - an uncursed amulet of guardian spirit {unknown}
 y - a cursed amulet of inaccuracy {unknown}
 B - a cursed ring of teleportation {unknown}
 G - an uncursed amulet of the acrobat {unknown}
Wands
 A - a wand of paralysis (4)
 I - a wand of disintegration (14)
Scrolls
 c - 2 scrolls of random uselessness {unknown}
 j - 2 scrolls of remove curse {unknown}
 k - 9 scrolls of identify {unknown}
 n - 2 scrolls of fear {unknown}
 t - 3 scrolls of teleportation {unknown}
 x - a scroll of silence {unknown}
 D - a scroll of brand weapon {unknown}
 E - a scroll of noise {unknown}
 F - a scroll of enchant armour {unknown}
 H - a scroll of amnesia {unknown}
Potions
 e - a potion of degeneration {unknown}
 f - 3 potions of curing {unknown}
 g - a potion of berserk rage {unknown}
 i - a potion of haste {unknown}
 l - a potion of agility {unknown}
 o - 3 potions of mutation {unknown}
 p - a potion of flight {unknown}
 w - 2 potions of heal wounds {unknown}
 z - a potion of cancellation {unknown}
 C - a potion of might {unknown}
Comestibles
 d - 10 rations


   Skills:
 + Level 6.3 Fighting
 + Level 4.3 Short Blades
 + Level 4.3 Long Blades
 + Level 4.3 Axes
 + Level 4.3 Maces & Flails
 + Level 6.3 Polearms
 + Level 4.3 Staves
 + Level 4.3 Slings
 + Level 4.3 Bows
 + Level 4.3 Crossbows
 + Level 4.3 Throwing
 + Level 5.1 Armour
 + Level 6.3 Dodging
 + Level 4.3 Stealth
 + Level 4.3 Shields
 + Level 4.3 Unarmed Combat
 + Level 6.6 Spellcasting
 + Level 3.5 Conjurations
 + Level 3.5 Hexes
 + Level 6.6 Charms
 + Level 3.5 Summonings
 + Level 3.5 Necromancy
 + Level 3.5 Translocations
 + Level 3.5 Transmutations
 + Level 3.5 Fire Magic
 + Level 3.5 Ice Magic
 + Level 3.5 Air Magic
 + Level 3.5 Earth Magic
 + Level 3.5 Poison Magic
 + Level 4.7 Invocations
 + Level 4.3 Evocations


You had 12 spell levels left.
You knew the following spells:

 Your Spells              Type           Power        Failure   Level  Hunger
a - Infusion              Chrm           ####         1%          1    None
b - Shroud of Golubria    Chrm/Tloc      ###.......   2%          2    None
c - Regeneration          Chrm/Necr      ###.......   5%          3    ##.....
d - Spectral Weapon       Hex/Chrm       ###.....     5%          3    ##.....

Your spell library contained the following spells:

 Spells                   Type           Power        Failure   Level  Hunger
 Song of Slaying          Chrm           ####....     1%          2    None
 Corona                   Hex            ###....      3%          1    None
 Freeze                   Ice            ###.         3%          1    None
 Ensorcelled Hibernation  Hex/Ice        ###...       4%          2    None
 Throw Frost              Conj/Ice       ###...       4%          2    None
 Ozocubu's Armour         Chrm/Ice       ###.....     5%          3    ##.....
 Confuse                  Hex            ###.....     10%         3    ##.....
 Dazzling Spray           Conj/Hex       ###...       10%         3    ##.....
 Tukima's Dance           Hex            ###.....     10%         3    ##.....
 Summon Ice Beast         Ice/Summ       ###.....     32%         4    ####...
 Throw Icicle             Conj/Ice       ###.....     32%         4    ####...


Dungeon Overview and Level Annotations

Branches:
Dungeon (8/15)             Temple (1/1) D:4            Lair (0/6) D:8

Altars:
Ashenzari
Cheibriados
Dithmenos
Elyvilon
Fedhas
Hepliaklqana
Makhleb
Nemelex Xobeh
Qazlal
Ru
Sif Muna
Trog
Uskayaw
Vehumet
Wu Jian
Xom
Yredelemnul
Zin
The Shining One
Beogh

Annotations:
D:5 3 runed doors, TheNamelessOne's ghost, novice OpSk
D:6 3 runed doors, pidr's ghost, novice OpFi


Innate Abilities, Weirdness & Mutations

Your experience applies equally to all skills.
You have very sharp teeth.
Your uncanny sense of smell can sniff out nearby items.


Message History

Casting: Spectral Weapon (safe; 5% risk of failure)
Confirm with . or Enter, or press ? or * to list all spells.
You draw out your weapon's spirit!
The death yak barely misses you.
Unknown command.
You hit the death yak but do no damage.
The death yak is heavily wounded.
Your spectral weapon hits the death yak.
You hit the death yak.
The death yak is heavily wounded.
Your spectral weapon hits the death yak but does no damage.
The death yak gores your spectral weapon!!
Your spectral weapon shares its damage with you!
Your spectral weapon fades away.
* * * LOW HITPOINT WARNING * * *
The death yak bellows!
Unknown command.
Casting: Spectral Weapon (safe; 5% risk of failure)
Confirm with . or Enter, or press ? or * to list all spells.
You draw out your weapon's spirit!
The death yak gores you!!
You die...

######### #.......#
#.#####.### #####
#.#...#...# ...#
#.........#
#.######.........#
####.[............(##
....[.#####...<.@Y.#
.#.#))# ##.....#.###
.#.#..# ##...##..<#
......# ########.#
.#.##.# ####### #.#
.....># #.....#
###Y#### ......#
#.....# #......#
#..#.## #.....#
#.#.##.# #.##.#
##.....## #Y#.## #


You could see a death yak and a friendly spectral +5 rapier of speed.

Vanquished Creatures
  A two-headed ogre (D:8)
  Prince Ribbit (D:6)
  Eustachio (D:4)
  Edmund (D:6)
  An orc warrior (D:8)
  A phantom (D:5)
  An ogre (D:5)
  2 centaurs
  3 bullfrogs
  A scorpion (D:5)
  A killer bee (D:7)
  A crimson imp (D:5)
  A centaur zombie (D:5)
  3 orc priests
  8 orc wizards
  2 iguanas
  4 worker ants
  A hound skeleton (D:5)
  A howler monkey skeleton (D:5)
  10 adders
  2 shadow imps
  An ooze (D:2)
  An adder skeleton (D:6)
  An adder zombie (D:5)
  3 worms
  A dart slug (D:2)
  4 leopard geckos
  26 orcs
  2 ball pythons
  2 giant cockroaches
  6 goblins
  4 hobgoblins (D:1)
  5 jackals (D:5)
  2 quokkas
  4 bats
  A frilled lizard (D:4)
  A jackal skeleton (D:7)
  A jackal zombie (D:5)
  6 kobolds (D:1)
  A quokka skeleton (D:7)
  7 rats
126 creatures vanquished.

Vanquished Creatures (others)
  5 spectral weapons
5 creatures vanquished.

Grand Total: 131 creatures vanquished

Notes
Turn   | Place    | Note
-------+----------+-------------------------------------------
     0 | D:1      | gruber the Gnoll Skald began the quest for the Orb.
     0 | D:1      | Reached XP level 1. HP: 20/20 MP: 6/6
    83 | D:1      | Reached XP level 2. HP: 25/26 MP: 7/7
    92 | D:1      | Learned a level 2 spell: Shroud of Golubria
   313 | D:1      | Reached XP level 3. HP: 28/31 MP: 9/9
   420 | D:2      | Reached skill level 5 in Spellcasting
   526 | D:2      | Reached skill level 1 in Invocations
   832 | D:2      | Reached skill level 1 in Short Blades
   832 | D:2      | Reached skill level 1 in Long Blades
   832 | D:2      | Reached skill level 1 in Axes
   832 | D:2      | Reached skill level 1 in Maces & Flails
   832 | D:2      | Reached skill level 1 in Staves
   832 | D:2      | Reached skill level 1 in Slings
   832 | D:2      | Reached skill level 1 in Bows
   832 | D:2      | Reached skill level 1 in Crossbows
   832 | D:2      | Reached skill level 1 in Throwing
   832 | D:2      | Reached skill level 1 in Stealth
   832 | D:2      | Reached skill level 1 in Shields
   832 | D:2      | Reached skill level 1 in Unarmed Combat
   832 | D:2      | Reached skill level 1 in Evocations
   998 | D:3      | Reached XP level 4. HP: 36/38 MP: 6/11
  1076 | D:3      | Learned a level 3 spell: Regeneration
  1080 | D:3      | Learned a level 3 spell: Spectral Weapon
  1241 | D:3      | Reached skill level 1 in Conjurations
  1241 | D:3      | Reached skill level 1 in Hexes
  1241 | D:3      | Reached skill level 1 in Summonings
  1241 | D:3      | Reached skill level 1 in Necromancy
  1241 | D:3      | Reached skill level 1 in Translocations
  1241 | D:3      | Reached skill level 1 in Transmutations
  1241 | D:3      | Reached skill level 1 in Fire Magic
  1241 | D:3      | Reached skill level 1 in Ice Magic
  1241 | D:3      | Reached skill level 1 in Air Magic
  1241 | D:3      | Reached skill level 1 in Earth Magic
  1241 | D:3      | Reached skill level 1 in Poison Magic
  1606 | D:3      | Reached XP level 5. HP: 40/43 MP: 12/12
  1712 | D:4      | Found a shattered altar of Ashenzari.
  1875 | D:4      | Found a staircase to the Ecumenical Temple.
  1911 | Temple   | Entered the Ecumenical Temple
  2062 | D:4      | Noticed Eustachio
  2166 | D:4      | Killed Eustachio
  2166 | D:4      | Reached XP level 6. HP: 50/50 MP: 10/14
  2244 | D:4      | Reached skill level 5 in Fighting
  2244 | D:4      | Reached skill level 5 in Polearms
  2244 | D:4      | Reached skill level 5 in Dodging
  2397 | D:4      | Found a sacrificial altar of Ru.
  2398 | D:4      | Found an ornate altar of the Wu Jian Council.
  2503 | D:4      | Found a glowing golden altar of the Shining One.
  2805 | D:5      | Entered Level 5 of the Dungeon
  2815 | D:5      | Found a radiant altar of Vehumet.
  2858 | D:5      | Noticed a phantom
  2860 | D:5      | Reached XP level 7. HP: 56/56 MP: 11/15
  3305 | D:5      | Reached XP level 8. HP: 54/63 MP: 14/16
  3354 | D:5      | Found a runed gate.
  3354 | D:5      | Found a runed gate.
  3354 | D:5      | Noticed TheNamelessOne's ghost (novice OpSk)
  3355 | D:5      | Found a runed gate.
  4010 | D:6      | Noticed Edmund
  4012 | D:6      | Noticed Prince Ribbit
  4013 | D:6      | Found a runed gate.
  4502 | D:6      | Killed Edmund
  4509 | D:6      | Killed Prince Ribbit
  4517 | D:6      | Found a runed gate.
  4524 | D:6      | Found a runed gate.
  4539 | D:6      | Noticed pidr's ghost (novice OpFi)
  4540 | D:6      | Identified the cursed +0 quarterstaff "gruber's Curse"
                  | {crush, *Rage rPois rC++}
  4542 | D:6      | Found a roughly hewn altar of Beogh.
  4587 | D:6      | Found a hide-covered altar of Uskayaw.
  4698 | D:7      | Found a blossoming altar of Fedhas.
  4975 | D:7      | Found a bloodstained altar of Trog.
  4976 | D:7      | Found a stormy altar of Qazlal.
  4977 | D:7      | Found a glowing silver altar of Zin.
  4979 | D:7      | Found a hazy altar of Hepliaklqana.
  5030 | D:7      | Reached XP level 9. HP: 66/69 MP: 18/18
  5176 | D:8      | Found a staircase to the Lair.
  5176 | D:8      | Noticed an elephant
  5176 | D:8      | Noticed a death yak
  5319 | D:8      | Noticed a two-headed ogre
  5337 | D:8      | HP: 1/69 [two-headed ogre/+0 giant club (17)]
  5341 | D:8      | Killed a two-headed ogre
  5341 | D:8      | Reached skill level 5 in Armour
  5462 | D:8      | Mangled by a death yak

Vault maps used:
D:1:      minmay_arrival_four_circles
D:2:      first_ration
D:3:      st_stairs_11, hangedman_decor_growths
D:4:      cheibrodos_ashenzari_chains, kennysheep_mini_moat,
          grunt_temple_overflow_open, minmay_temple_entry_mini_moons,
          minmay_crystal_water, minivault_5, uniq_eustachio
D:5:      ebering_ghost_rock_garden, chequers_arboretum, minmay_ruined_shrine
D:6:      nicolae_overflow_crystal_walls, biasface_ghost_orc_armoury,
          uniq_edmund, uniq_prince_ribbit1
D:7:      fedhas_altar_2, minitemple
D:8:      okawaru_altar_gauntlet_db, david_lair_generic, kennysheep_nondescript
Temple:   dpeg_three_leaves_temple

Skill      XL: |  1  2  3  4  5  6  7  8  9 |
---------------+----------------------------+-----
Spellcasting   | 5 6 |  6.6
Invocations    | 1 2 3 4 |  4.7
Short Blades   | 1 2 3 4 |  4.3
Long Blades    | 1 2 3 4 |  4.3
Axes           | 1 2 3 4 |  4.3
Maces & Flails | 1 2 3 4 |  4.3
Staves         | 1 2 3 4 |  4.3
Slings         | 1 2 3 4 |  4.3
Bows           | 1 2 3 4 |  4.3
Crossbows      | 1 2 3 4 |  4.3
Throwing       | 1 2 3 4 |  4.3
Stealth        | 1 2 3 4 |  4.3
Shields        | 1 2 3 4 |  4.3
Unarmed Combat | 1 2 3 4 |  4.3
Evocations     | 1 2 3 4 |  4.3
Conjurations   | 1 2 3 |  3.5
Hexes          | 1 2 3 |  3.5
Summonings     | 1 2 3 |  3.5
Necromancy     | 1 2 3 |  3.5
Translocations | 1 2 3 |  3.5
Transmutations | 1 2 3 |  3.5
Fire Magic     | 1 2 3 |  3.5
Ice Magic      | 1 2 3 |  3.5
Air Magic      | 1 2 3 |  3.5
Earth Magic    | 1 2 3 |  3.5
Poison Magic   | 1 2 3 |  3.5
Armour         | 3 4 5 |  5.1
Fighting       | 5 6 |  6.3
Polearms       | 5 6 |  6.3
Dodging        | 5 6 |  6.3
Charms         | 6 |  6.6

Action                   |  1- 3 |  4- 6 |  7- 9 || total
-------------------------+-------+-------+-------++-------
Melee: Spear             |   101 |   109 |       ||   210
       Bite              |    13 |    16 |    17 ||    46
       Trident           |       |    15 |       ||    15
       Rapier            |       |    43 |   185 ||   228
 Cast: Infusion          |     5 |     6 |       ||    11
       Spectral Weapon   |       |     6 |    13 ||    19
       Shroud of Golubri |       |     2 |     2 ||     4
 Stab: Sleeping          |     2 |     7 |     9 ||    18
       Distracted        |       |       |     2 ||     2
  Eat: Chunk             |       |     6 |     9 ||    15
Armor: Leather armour    |     9 |    29 |    15 ||    53
Dodge: Dodged            |    54 |   123 |    73 ||   250
Block: Buckler           |       |    22 |    19 ||    41

Table legend:
 A = Non-vault XP
 B = Vault XP
 C = Vault XP percentage of total XP
 D = Non-vault monster count
 E = Vault monster count
 F = Vault count percentage of total count
                 A         B        C        D         E       F
            +---------+---------+-------+---------+---------+-------
      Total |    2956 |     703 |  19.2 |     114 |      12 |   9.5
            +---------+---------+-------+---------+---------+-------
        D:1 |      35 |       0 |   0.0 |      21 |       0 |   0.0
        D:2 |      44 |       0 |   0.0 |       7 |       0 |   0.0
        D:3 |      63 |      29 |  31.5 |      15 |       3 |  16.7
        D:4 |     121 |     196 |  61.8 |      12 |       1 |   7.7
        D:5 |     712 |      40 |   5.3 |      27 |       6 |  18.2
        D:6 |     432 |     438 |  50.3 |      13 |       2 |  13.3
        D:7 |     352 |       0 |   0.0 |      12 |       0 |   0.0
        D:8 |    1197 |       0 |   0.0 |       7 |       0 |   0.0
            +---------+---------+-------+---------+---------+-------
